 Dungeon Crawl Stone Soup version 0.27.1-33-g824d729ab1 (webtiles) character file.

Game seed: 15478083655471499527

11 Descartes the Grasshopper (level 2, 0/14 HPs)
             Began as a Spriggan Warper on Dec 30, 2021.
             Slain by a hobgoblin (1 damage)
             ... on level 1 of the Dungeon.
             The game lasted 00:01:16 (311 turns).

Descartes the Grasshopper (Spriggan Warper)          Turns: 311, Time: 00:01:17

Health: 0/14       AC:  2    Str:  7    XL:     2   Next: 13%
Magic:  6/6        EV: 17    Int: 14    God:
Gold:   16         SH:  0    Dex: 14    Spells: 6/6 levels left

rFire    . . .     SeeInvis +   a - +0 short sword
rCold    . . .     Faith    .   (shield restricted)
rNeg     . . .     Spirit   .   b - +0 robe
rPois    .         Reflect  .   (helmet restricted)
rElec    .         Harm     .   (no cloak)
rCorr    .         Rampage  .   (gloves unavailable)
Will     .....                  (boots unavailable)
Stlth    +.........             (no amulet)
HPRegen  0.04/turn              (no ring)
MPRegen  0.10/turn              (no ring)

@: very quick
A: very small, no large weapons, unfitting armour, see invisible, speed 3
a: no special abilities


You were on level 1 of the Dungeon.
You visited 1 branch of the dungeon, and saw 1 of its levels.

You collected 16 gold pieces.

Inventory:

Hand Weapons
 a - a +0 short sword (weapon)
Missiles
 d - 5 boomerangs of dispersal (quivered)
 f - 21 stones
Armour
 b - a +0 robe (worn)
Scrolls
 c - a scroll of blinking
 g - 2 scrolls of teleportation {unknown}
Potions
 e - a potion of cancellation {unknown}


   Skills:
 - Level 1.5 Fighting
 + Level 2.4 Short Blades
 - Level 1.0 Throwing
 + Level 3.4 Dodging
 + Level 2.9 Spellcasting
 + Level 4.8 Translocations


You had 6 spell levels left.
You didn't know any spells.
Your spell library contained the following spells:

 Spells                   Type           Power      Damage    Failure   Level
 Blink                    Tloc           N/A        N/A       4%          2
 Gell's Gravitas          Tloc           7%         N/A       9%          3
 Lesser Beckoning         Tloc           7%         N/A       9%          3
 Teleport Other           Tloc           15%        N/A       9%          3
 Manifold Assault         Tloc           15%        N/A       63%         5


Dungeon Overview and Level Annotations

Branches:
Dungeon (1/15)

Altars:


Innate Abilities, Weirdness & Mutations

You are very small and have problems with some larger weapons.
You are too small for most types of armour.
You have supernaturally acute eyesight. (SInv)
You cover ground extremely quickly. (Speed+++)


Message History

The hobgoblin shouts!
The frilled lizard barely misses you. The hobgoblin closely misses you.
You closely miss the hobgoblin.
The hobgoblin is almost dead.
The frilled lizard completely misses you.
The kobold closely misses you.
A frilled lizard comes into view.
The hobgoblin hits you.
You completely miss the hobgoblin.
The hobgoblin is almost dead.
The frilled lizard hisses angrily.
The frilled lizard barely misses you. The kobold misses you.
The hobgoblin misses you.
You barely miss the hobgoblin.
The hobgoblin is almost dead.
The frilled lizard barely misses you.
The frilled lizard unfolds its giant frill.
The kobold hits you but does no damage. The hobgoblin closely misses you.
You hit the hobgoblin.
You kill the hobgoblin!
The frilled lizard bites you.
* * * LOW HITPOINT WARNING * * *
The kobold barely misses you.
You see here a +0 spear.
You hit the frilled lizard.
You kill the frilled lizard!
The hobgoblin closely misses you.
You see here a frilled lizard corpse.
You hit the hobgoblin but do no damage. The hobgoblin completely misses you.
You hit the hobgoblin but do no damage. The hobgoblin closely misses you.
You barely miss the hobgoblin. The hobgoblin misses you.
You hit the hobgoblin but do no damage. The hobgoblin barely misses you.
You hit the hobgoblin but do no damage.
The hobgoblin hits you but does no damage.
You hit the hobgoblin but do no damage. The hobgoblin misses you.
You hit the hobgoblin but do no damage. The hobgoblin closely misses you.
You hit the hobgoblin but do no damage. The hobgoblin hits you.
* * * LOW HITPOINT WARNING * * *
You barely miss the hobgoblin. The hobgoblin hits you.
You die...

.........
.........###
...........#
........##.#
........##.#
........##.#
.......l##.#
#.Kg@)#
#.##### ..
#.#
....###.##
........>#
#.#####.##
#.# #.# #.#


You could see a hobgoblin, a kobold and a frilled lizard.

Vanquished Creatures
  A dart slug (D:1)
  A ball python (D:1)
  A giant cockroach (D:1)
  2 hobgoblins (D:1)
  A bat (D:1)
  2 frilled lizards (D:1)
  A kobold (D:1)
9 creatures vanquished.

Notes
Turn   | Place    | Note
-------+----------+-------------------------------------------
     0 | D:1      | Descartes the Spriggan Warper began the quest for the Orb.
     0 | D:1      | Reached XP level 1. HP: 10/10 MP: 5/5
   282 | D:1      | Reached XP level 2. HP: 14/14 MP: 6/6
   311 | D:1      | Slain by a hobgoblin

Illustrated notes

Levels and vault maps discovered:
D:1:      lightli_arrival_statuegarden, layout_basic,
          shapermc_ecumenical_altar_gd

Action                   || total
-------------------------++-------
Melee: Short sword       ||    52
Armor: Robe              ||     7
Dodge: Dodged            ||    47
